 Dungeon Crawl Stone Soup version 0.31-a0-133-gaae73658be (webtiles) character file.

Game seed: 15121076932225228704

51 jlumianski the Covered (level 3, 0/29 HPs)
             Began as a Demonspawn Fighter on May 30, 2023.
             Succumbed to a scorpion's poison
             ... on level 4 of the Dungeon on June 2, 2023.
             The game lasted 00:03:38 (572 turns).

jlumianski the Covered (Demonspawn Fighter)          Turns: 572, Time: 00:03:39

Health: 0/29       AC: 12    Str: 16    XL:     3   Next: 57%
Magic:  3/3        EV:  8    Int:  9    God:
Gold:   72         SH:  4    Dex: 12    Spells: 2/2 levels left

rFire   + . .        a - +0 war axe
rCold   . . .        c - +0 buckler
rNeg    . . .        b - +0 scale mail
rPois   .            (helmet restricted)
rElec   .            (no cloak)
rCorr   .            (no gloves)
SInv    .            (no boots)
Will    .....        (no amulet) Stlth
                     (no ring)
HPRegen 0.24/turn    (no ring)
MPRegen 0.16/turn

%: no passive effects
@: lethally poisoned (0 -> -16), sanguine armoured
A: magic regeneration, sanguine armour 1, horns 1, fire resistance 1,
teleportitis 1, weak 1
a: no special abilities


You were on level 4 of the Dungeon.
You visited 1 branch of the dungeon, and saw 4 of its levels.

You collected 72 gold pieces.

Inventory:

Hand Weapons
 a - a +0 war axe (weapon)
Missiles
 e - 20 stones
 m - 3 poisoned darts (quivered)
Armour
 b - a +0 scale mail (worn)
 c - a +0 buckler (worn)
Scrolls
 g - a scroll of noise {unknown}
 h - 3 scrolls of identify {unknown}
 i - a scroll of torment {unknown}
 l - a scroll of poison {unknown}
Potions
 d - a potion of might
 f - a potion of mutation
 j - a potion of magic {unknown}
 k - 2 potions of curing {unknown}


   Skills:
 + Level 3.3 Fighting
 + Level 2.2 Axes
 + Level 3.4 Armour
 + Level 3.0 Shields


You had 2 spell levels left.
You didn't know any spells.
Your spell library contained the following spells:

 Spells                   Type           Power      Damage    Failure   Level
 Magic Dart               Conj           0%         1d3       88%         1
 Searing Ray              Conj           0%         2d4       95%         2
 Frozen Ramparts          Ice            0%         1d1       99%         3
 Fulminant Prism          Conj/Hex       0%         3d5       100%        4
 Ice Form                 Ice/Tmut       0%         N/A       100%        4
 Summon Ice Beast         Ice/Summ       0%         N/A       100%        4


Dungeon Overview and Level Annotations

Branches:
Dungeon (4/15)
 Temple: D:4-7

Altars:


Innate Abilities, Weirdness & Mutations

You regenerate magic rapidly.
When seriously injured, your blood forms armour. (AC +6)
You have a pair of small horns on your head.
Your flesh is heat resistant. (rF+)
You are occasionally teleported next to monsters.
You are weak. (Str -2)


Message History

You closely miss the kobold. The kobold hits you but does no damage.
The kobold closely misses you.
You hit the kobold.
You kill the kobold!
Things that are here:
a +0 dagger; a kobold corpse An endoplasm comes into view.
The endoplasm quivers.
You block the endoplasm's attack.
You hit the endoplasm.
The endoplasm is severely wounded.
The endoplasm freezes you.
You are frozen.
You hit the endoplasm.
You kill the endoplasm!
A scorpion comes into view.
You closely miss the scorpion.
The scorpion stings you but does no damage.
You hit the scorpion.
The scorpion is moderately wounded.
The scorpion barely misses you. The scorpion stings you.
Your blood congeals into armour.
You are poisoned.
The scorpion poisons you!
You hit the scorpion.
The scorpion is severely wounded.
You feel very sick.
The scorpion stings you but does no damage.
The scorpion stings you.
You barely miss the scorpion.
The scorpion is heavily wounded.
You feel very sick. The scorpion stings you.
* * * LOW HITPOINT WARNING * * *
You are more poisoned.
The scorpion poisons you!
It was a potion of mutation.
You feel extremely strange.
You feel weaker.
You feel weirdly uncertain.
You feel resistant to heat. A pair of horns grows on your head!
You die...

#.#.# ..
#.#.# #
#.#.#
#.#.# #.#
#.# #.#
#.########
#.@s......
##########


You could see a scorpion.

Vanquished Creatures
  An iguana (D:3)
  An adder (D:4)
  2 orcs (D:2)
  3 endoplasms
  2 goblins
  A quokka (D:2)
  2 bats
  2 kobolds
14 creatures vanquished.

Notes
Turn   | Place    | Note
-------+----------+-------------------------------------------
     0 | D:1      | jlumianski the Demonspawn Fighter began the quest for the
                  | Orb.
     0 | D:1      | Reached XP level 1. HP: 18/18 MP: 1/1
    83 | D:1      | Upgraded the game from 0.31-a0-117-g42d8f58691 to
                  | 0.31-a0-133-gaae73658be
   236 | D:2      | Gained mutation: When seriously injured, your blood forms
                  | armour. (AC +6) [demonic ancestry]
   236 | D:2      | Reached XP level 2. HP: 10/24 MP: 2/2
   426 | D:3      | Gained mutation: You regenerate magic rapidly. [demonic
                  | ancestry]
   426 | D:3      | Reached XP level 3. HP: 9/29 MP: 3/3
   565 | D:4      | Noticed a scorpion
   572 | D:4      | Gained mutation: You are weak. (Str -2) [potion of
                  | mutation]
   572 | D:4      | Gained mutation: You are occasionally teleported next to
                  | monsters. [potion of mutation]
   572 | D:4      | Gained mutation: Your flesh is heat resistant. (rF+)
                  | [potion of mutation]
   572 | D:4      | Gained mutation: You have a pair of small horns on your
                  | head. [potion of mutation]
   572 | D:4      | Succumbed to a scorpion's poison

Illustrated notes

Levels and vault maps discovered:
D:1:      nicolae_arrival_washed_ashore, layout_basic,
          wander_ebering_terrifying_dragon_lair
D:2:      layout_rooms, st_stairs_14, chequers_serial_rivers_micro_b
D:3:      layout_basic
D:4:      layout_basic, serial_glass, glass_columns_c, glass_columns_a,
          glass_columns_a, glass_columns_b, glass_columns_a, glass_columns_b,
          glass_columns_a, glass_columns_a, glass_columns_b, glass_columns_b,
          uniq_crazy_yiuf_cottage

Skill      XL: |  1  2 |
---------------+-------+-----
Axes           | 2 |  2.2
Armour         | 3 |  3.4
Shields        | 3 |  3.0
Fighting       | |  3.3

Action                     || total
---------------------------++-------
  Melee: War axe           ||    44
  Throw: Dart              ||     1
    Use: Potion            ||     1
 Armour: Scale mail        ||    25
  Dodge: Dodged            ||    20
  Block: Buckler           ||    10

Table legend: (Time is in decaauts)
 A = Elapsed time spent in this place.
 B = Non-inter-level travel time spent in this place.
 C = Inter-level travel time spent in this place.
 D = Time resting spent in this place.
 E = Time spent auto-exploring this place.
 F = Levels seen in this place.
 G = Mean time per level.
                   A        B        C        D        E       F      G
               +--------+--------+--------+--------+--------+-----+--------+
         Total |    596 |    596 |      0 |    131 |    109 |   4 |  149.0 |
       Dungeon |    596 |    596 |      0 |    131 |    109 |   4 |  149.0 |
               +--------+--------+--------+--------+--------+-----+--------+

Top non-repeatable levels by time:
     D:2: 199 daAuts
     D:3: 171 daAuts
     D:1: 161 daAuts
     D:4: 63 daAuts
